AoeStats
← Tristamen

Arena

508159873Analyzed
3v3 RM · 12d ago on Sep 21, 2026· 27m 14s· 6 players
Game mode
Random Map
Map size
Normal (6 player)
Population
200
Speed
Normal
Resources
Standard
Victory
Conquest
Starting age
Dark Age
Ending age
Imperial Age
RankedLock teamsTeams togetherTeam positionsShared explorationLock speedFull tech treeHidden civsTurbo modeCheats
Victory
Defeat
🇺🇸 Burgundians · United States
1177
+7
🇺🇸 Gurjaras · United States
1126
+9
🇺🇸 Spanish · United States
1070
+11
🇮🇳 Hindustanis · India
977
-10
🇮🇳 Hindustanis · India
972
-9
🇵🇪 Hindustanis · Peru
929
-8
GoldenHorde
12:17 Feudal Age
16:42 Castle Age
16:39 Stone Mining
16:31 Horse Collar
16:56 Double-Bit Axe
18:42 Forging
19:33 Loom
21:03 Scale Barding Armor
25:54 Husbandry
GoldenRogerFed6
12:12 Feudal Age
18:00 Castle Age
16:33 Horse Collar
16:41 Double-Bit Axe
17:32 Stone Mining
17:38 Gold Mining
18:48 Scale Barding Armor
Hankuro
0:30 Loom
11:59 Feudal Age
12:46 Double-Bit Axe
12:43 Horse Collar
14:30 Town Watch
18:05 Castle Age
17:32 Stone Mining
17:36 Gold Mining
17:52 Scale Mail Armor
18:41 Scale Mail Armor
18:51 Forging
20:59 Wheelbarrow
21:44 Bow Saw
23:57 Gold Shaft Mining
24:28 Heavy Plow
25:04 Fletching
26:16 Chain Mail Armor
26:52 Stone Shaft Mining
27:49 Iron Casting
Tristamen
0:28 Loom
11:40 Feudal Age
12:06 Double-Bit Axe
13:36 Town Watch
14:54 Horse Collar
18:26 Castle Age
16:41 Horse Collar
26:16 Ballistics
SneakyJeff
5:19 Double-Bit Axe
9:02 Horse Collar
12:13 Feudal Age
17:06 Castle Age
15:16 Gold Mining
17:05 Forging
18:12 Bow Saw
19:29 Wheelbarrow
24:21 Scale Mail Armor
26:07 Stone Mining
26:13 Loom
27:29 Squires
mazerr88
10:43 Feudal Age
10:01 Loom
12:27 Double-Bit Axe
15:44 Castle Age
14:01 Horse Collar
18:04 Bow Saw
17:57 Heavy Plow
25:41 Wheelbarrow
26:43 Town Watch
26:51 Gold Mining
Connection lost

Rejoining the realm…

Still unreachable

The connection could not be restored.

Session expired

The server has moved on; the page needs a fresh start.